 Dungeon Crawl Stone Soup version 0.18.1-48-g4cf74bf (webtiles) character file.

112 grulito the Sneak (level 5, -4/34 HPs)
             Began as a Halfling Assassin on June 25, 2016.
             Slain by roguesci's ghost (8 damage)
             ... on level 3 of the Dungeon.
             The game lasted 00:14:01 (3239 turns).

grulito the Sneak (Halfling Assassin)               Turns: 3239, Time: 00:14:02

Health: -4/34      AC:  3    Str: 11    XL:     5   Next: 16%
Magic:  5/5        EV: 15    Int: 10    God:
Gold:   103        SH:  0    Dex: 17    Spells: 0 memorised, 4 levels left

rFire  . . .     SeeInvis .     b - +0 blowgun
rCold  . . .     Gourm    .     c - +0 robe
rNeg   . . .     Faith    .     (shield restricted)
rPois  .         Spirit   .     (no helmet)
rElec  .         Dismiss  .     d - +0 cloak
rCorr  +         Reflect  .     (no gloves)
SustAt .         Harm     .     (no boots)
MR     .....                    (no amulet)
Stlth  ++++......               (no ring)
                                i - ring of resist corrosion

@: not resistant to hostile enchantments, stealthy
A: mutation resistance 1
a: no special abilities


You were on level 3 of the Dungeon.
You were not hungry.

You visited 1 branch of the dungeon, and saw 3 of its levels.

You collected 103 gold pieces.

Inventory:

Hand Weapons
 a - a +2 dagger
 b - a +0 blowgun (weapon)
Missiles
 e - 15 poisoned needles (quivered)
 f - 2 curare-tipped needles
Armour
 c - a +0 robe (worn)
 d - a +0 cloak (worn)
Jewellery
 i - a ring of resist corrosion (left hand)
Scrolls
 h - 5 scrolls of remove curse
 l - a scroll of identify
 m - 2 scrolls of magic mapping
 o - a scroll of teleportation {unknown}
 p - 2 scrolls of noise {unknown}
 s - a scroll of amnesia {unknown}
Potions
 j - 4 potions of heal wounds
 k - a potion of invisibility {unknown}
 n - a potion of brilliance {unknown}
 q - a potion of mutation {unknown}
 r - 2 potions of haste {unknown}
 t - a potion of magic {unknown}
Comestibles
 g - 2 bread rations


   Skills:
 + Level 2.1 Fighting
 + Level 3.0 Short Blades
 + Level 2.3 Throwing
 + Level 2.7 Dodging
 + Level 5.9 Stealth


You had 4 spell levels left.
You didn't know any spells.

Dungeon Overview and Level Annotations

Branches:
Dungeon (3/15)

Altars:
Pakellas

Annotations:
D:3 roguesci's ghost, amateur MiFi


Innate Abilities, Weirdness & Mutations

You are small and have problems with some larger weapons.
You are somewhat resistant to further mutation.


Message History

You hit roguesci's ghost.
Roguesci's ghost is lightly damaged.
Roguesci's ghost barely misses you.
You hit roguesci's ghost but do no damage.
Roguesci's ghost is lightly damaged.
Roguesci's ghost misses you.
Roguesci's ghost wails, "You will never get the ORB!"
Roguesci's ghost says, "You can hit me, but you can't hurt me."
You see here a giant gecko corpse.
You see here a rat corpse.
Roguesci's ghost lets out a mournful wail.
Roguesci's ghost misses you.
Roguesci's ghost shouts, "You will join me soon!"
Quivering
f - 2 curare-tipped needles for throwing.
b - a +0 blowgun (weapon)
Roguesci's ghost hits you!
* * * LOW HITPOINT WARNING * * *
A ball python comes into view.
Roguesci's ghost hits you!
You die...

#.## ###........####...## #. #.#
#######.......##.# ##<## #.
#.###....÷...........# #># #.
..........#......S##.# #.# #.
#.#.#.............##.#####.# #.
...................#.......#####.
###.)..............###...#.#.....
....##>#.#####.#÷.<..............
###.##.#.#####.#@............####
##.............W.#.#..##.###.####
.#..##.#...........#<....###.....
.#..##....####.###.#.###.....###*
.#..##..#.# #.# #.#.##......#
.....[..#.#**#.# #.#.........#
##.........,,..# #.####.##..##
#.####.#.#**### #.#* #.#*...#*
#.# **,#.#*******,,**#.#,....#


You could see roguesci's ghost and a ball python.

Vanquished Creatures
  A howler monkey skeleton (D:3)
  6 adders
  An ooze (D:1)
  2 dart slugs (D:2)
  2 giant geckos
  An orc (D:3)
  A giant cockroach (D:2)
  6 goblins
  3 hobgoblins
  2 quokkas
  5 bats
  4 giant newts
  4 kobolds
  7 rats
45 creatures vanquished.

Vanquished Creatures (others)
  An ugly thing (D:2)
1 creature vanquished.

Grand Total: 46 creatures vanquished

Notes
Turn   | Place    | Note
--------------------------------------------------------------
     0 | D:1      | grulito the Halfling Assassin began the quest for the Orb.
     0 | D:1      | Reached XP level 1. HP: 14/14 MP: 1/1
   273 | D:1      | Reached XP level 2. HP: 19/19 MP: 2/2
   353 | D:1      | Reached skill level 5 in Stealth
   839 | D:1      | Reached XP level 3. HP: 24/24 MP: 3/3
  1678 | D:2      | Reached XP level 4. HP: 12/29 MP: 4/4
  2294 | D:2      | Found an oddly glowing altar of Pakellas.
  2294 | D:2      | Noticed a green ugly thing
  2318 | D:2      | Killed a red ugly thing
  2997 | D:3      | Reached XP level 5. HP: 33/34 MP: 5/5
  3153 | D:3      | Noticed roguesci's ghost (amateur MiFi)
  3239 | D:3      | Slain by roguesci's ghost

Skill      XL: |  1  2  3  4  5 |
---------------+----------------+-----
Stealth        | 5 |  5.9
Dodging        | 2 |  2.7
Fighting       | 2 |  2.1
Short Blades   | 3 |  3.0
Throwing       | |  2.3

Action                   |  1- 3 |  4- 6 || total
-------------------------+-------+-------++-------
Melee: Dagger            |    85 |    68 ||   153
 Fire: Blowgun           |     3 |     1 ||     4
  Use: Scroll            |     3 |     1 ||     4
 Stab: Sleeping          |    10 |     5 ||    15
  Eat: Bread ration      |     1 |     1 ||     2
Armor: Robe              |    15 |     6 ||    21
Dodge: Dodged            |    77 |    41 ||   118
